 Dungeon Crawl Stone Soup version 0.20.1-1-g8b1a95d (webtiles) character file.

185 ANON1729 the Firebug (level 5, -1/31 HPs)
             Began as an Octopode Fire Elementalist on Aug 8, 2017.
             Was a Believer of Vehumet.
             Slain by a gnoll (5 damage)
             ... on level 2 of the Dungeon.
             The game lasted 00:07:22 (3774 turns).

ANON1729 the Firebug (Octopode Fire Elementalist)   Turns: 3774, Time: 00:07:23

Health: -1/31      AC:  1    Str:  7    XL:     5   Next: 64%
Magic:  3/10       EV: 13    Int: 18    God:    Vehumet [**....]
Gold:   142        SH:  0    Dex: 13    Spells: 0/10 levels left

rFire    . . .     SeeInvis .   (no weapon)
rCold    . . .     Gourm    .   (no shield)
rNeg     . . .     Faith    .   (helmet restricted)
rPois    .         Spirit   .   (no amulet)
rElec    .         Reflect  .   (no ring)
rCorr    .         Harm     .   (no ring)
MR       .....                  (no ring)
Stlth    +++.......             (no ring)
Regen    0.1/turn               (no ring)
MPRegen  0.2/turn               (no ring)
                                (no ring)
                                (no ring)

@: very slightly contaminated
A: almost no armour, stealthy swim, amphibious, 8 rings, constrict 8, camouflage
1, gelatinous body 1
a: Renounce Religion


You were on level 2 of the Dungeon.
You worshipped Vehumet.
Vehumet was pleased with you.
You were very hungry.

You visited 1 branch of the dungeon, and saw 3 of its levels.

You collected 142 gold pieces.

Inventory:

Jewellery
 c - an uncursed ring of magical power {unknown}
Scrolls
 d - a scroll of remove curse {unknown}
 e - a scroll of enchant armour {unknown}
 f - 2 scrolls of magic mapping {unknown}
 g - 2 scrolls of recharging {unknown}
 h - 2 scrolls of fear {unknown}
 i - a scroll of identify {unknown}
 j - 2 scrolls of enchant weapon {unknown}
 l - a scroll of random uselessness {unknown}
Books
 a - a book of Flames

   Spells                             Type                      Level
   a - Flame Tongue                   Conjuration/Fire             1
   b - Throw Flame                    Conjuration/Fire             2
   c - Conjure Flame                  Conjuration/Fire             3
   d - Inner Flame                    Hexes/Fire                   3
   e - Sticky Flame                   Conjuration/Fire             4
   f - Fireball                       Conjuration/Fire             5
Comestibles
 b - a bread ration


   Skills:
 - Level 2.0 Dodging
 - Level 2.8 Stealth
 + Level 3.4 Spellcasting
 + Level 2.7 Conjurations
 + Level 4.3 Fire Magic


You couldn't memorise any spells.
You knew the following spells:

 Your Spells              Type           Power        Failure   Level  Hunger
a - Flame Tongue          Conj/Fire      ###..        3%          1    None
b - Conjure Flame         Conj/Fire      ###.....     11%         3    ###....
c - Sticky Flame          Conj/Fire      ###.....     34%         4    ####...
d - Throw Flame           Conj/Fire      ###...       5%          2    ##.....


Dungeon Overview and Level Annotations

Branches:
Dungeon (3/15)

Altars:
Dithmenos
Elyvilon
Nemelex Xobeh
Vehumet


Innate Abilities, Weirdness & Mutations

You cannot wear most types of armour.
You are very stealthy in the water. (Stealth+)
You are amphibious.
You can wear up to eight rings at the same time.
You can use your tentacles to constrict eight enemies at once.
Your skin changes colour to match your surroundings (Stealth+).
Your rubbery body absorbs attacks. (AC +1, EV +1)


Message History

* * * LOW HITPOINT WARNING * * *
What are your orders? t - Shout!
Orders for allies: a - Attack new target. p - Attack previous target. r - Retreat! s - Stop attacking. g - Guard the area. f - Follow me.
Anything else - Cancel.
Okay, then.
Casting: Sticky Flame
Confirm with . or Enter, or press ? or * to list all spells.
Aiming: Sticky Flame
Press: ? - help, Shift-Dir - straight line, f/p - gnoll
Aim: a gnoll (lightly wounded)
You miscast Sticky Flame.
Strange energies run through your body.
You are feeling very hungry.
The gnoll hits you!
* * * LOW HITPOINT WARNING * * *
There is a stone staircase leading up here.
The gnoll hits you.
You die...

#.# #.PP.#..# # ######.###
#⌠...'..# # .........#
#.P..#.P### ######.#.#
##88.#...## #.#.# #...#...##
#####.#.############ #####.....
#..................# #####.....
##.#.###.#####.g..#.####..♣#...##
....g###.(.....#@.....##.8.#...##
##...#.....###....#.###P..P#..##
#.......#.# ##.....# #⌠_.....#
##..##...#.# #.#.#####.P.P#.8###
.(......##.# ##.#.# #.##...#..#.#
##..#......###....# #.##...#.##.#
#..#........._...# #.######.##.#
##..#.#.######...## #.# ####.#
.#..#.#.# ###..####.# ##...


You could see a gnoll.

Vanquished Creatures
  Terence (D:3)
  Natasha (twice) (D:3)
  2 gnolls
  3 adders
  3 worms (D:2)
  A dart slug (D:1)
  2 leopard geckos
  5 giant cockroaches
  6 goblins
  6 hobgoblins
  4 jackals (D:2)
  7 kobolds
  3 bats
  A frilled lizard (D:2)
  7 rats
53 creatures vanquished.

Notes
Turn   | Place    | Note
-------+----------+-------------------------------------------
     0 | D:1      | ANON1729 the Octopode Fire Elementalist began the quest for the Orb.
     0 | D:1      | Reached XP level 1. HP: 11/11 MP: 3/3
   139 | D:1      | Reached XP level 2. HP: 6/17 MP: 5/5
  1374 | D:1      | Reached XP level 3. HP: 16/21 MP: 6/6
  1731 | D:2      | Found a sparkling altar of Nemelex Xobeh.
  1807 | D:2      | HP: 1/21 [jackal (1)]
  2349 | D:2      | Found a faded altar of an unknown god.
  2438 | D:2      | Became a worshipper of Vehumet
  2438 | D:2      | Reached * piety under Vehumet
  2438 | D:2      | Offered knowledge of Sting by Vehumet.
  2640 | D:2      | Reached XP level 4. HP: 27/27 MP: 8/8
  2807 | D:2      | Learned a level 2 spell: Throw Flame
  2811 | D:2      | Learned a level 3 spell: Conjure Flame
  2946 | D:2      | Reached skill level 4 in Fire Magic
  3058 | D:2      | Found a white marble altar of Elyvilon.
  3064 | D:2      | Found a shadowy altar of Dithmenos.
  3177 | D:3      | Noticed Terence
  3246 | D:3      | Killed Terence
  3469 | D:3      | Reached XP level 5. HP: 31/31 MP: 9/9
  3476 | D:3      | Noticed Natasha
  3482 | D:3      | Killed Natasha
  3489 | D:3      | Learned a level 4 spell: Sticky Flame
  3513 | D:3      | Noticed Natasha
  3525 | D:3      | Killed Natasha
  3558 | D:3      | Reached ** piety under Vehumet
  3558 | D:3      | Offered knowledge of Throw Frost by Vehumet.
  3746 | D:2      | HP: 1/31 [gnoll (8)]
  3774 | D:2      | Slain by a gnoll

Skill      XL: |  1  2  3  4 |
---------------+-------------+-----
Fire Magic     | 4 |  4.3
Spellcasting   | 3 |  3.4
Conjurations   | 2 |  2.7
Dodging        | |  2.0
Stealth        | |  2.8

Action                   |  1- 3 |  4- 6 || total
-------------------------+-------+-------++-------
Melee: Unarmed           |    88 |    20 ||   108
       Constrict         |    22 |     7 ||    29
       Tentacles         |    13 |     6 ||    19
 Cast: Flame Tongue      |    34 |    28 ||    62
       Throw Flame       |       |     1 ||     1
       Sticky Flame      |       |     3 ||     3
  Use: Scroll            |     1 |       ||     1
 Stab: Distracted        |     3 |       ||     3
       Sleeping          |     4 |     1 ||     5
  Eat: Chunk             |     6 |     3 ||     9
Armor: Skin              |    11 |     4 ||    15
Dodge: Dodged            |    49 |    23 ||    72
